 Dungeon Crawl Stone Soup version 0.24-a0-165-g1b465fe (webtiles) character file.

Game seed: 9073403022670769172

16269 Dfrag the Destroyer (level 12, -8/74 HPs)
             Began as a Demonspawn Fire Elementalist on Mar 6, 2019.
             Was an Elder of Vehumet.
             Mangled by a red ugly thing (21 damage)
             ... on level 11 of the Dungeon.
             The game lasted 00:22:54 (13218 turns).

Dfrag the Destroyer (Demonspawn Fire Elementalist) Turns: 13218, Time: 00:22:55

Health: -8/74      AC: 11    Str: 10    XL:     12   Next: 8%
Magic:  12/26      EV: 12    Int: 24    God:    Vehumet [****..]
Gold:   315        SH:  0    Dex: 14    Spells: 17/32 levels left

rFire    . . .     SeeInvis +   I - staff of conjuration
rCold    . . .     Gourm    .   (no shield)
rNeg     . . .     Faith    .   S - +0 troll leather armour
rPois    .         Spirit   .   (helmet restricted)
rElec    .         Reflect  .   (no cloak)
rCorr    .         Harm     .   b - +2 pair of gloves
MR       .....                  (no boots)
Stlth    ++++......             J - amulet of rage
HPRegen  0.62/turn              z - ring of see invisible
MPRegen  0.20/turn              E - +4 ring of intelligence

@: no status effects
A: antennae 2, iridescent scales 2, nightstalker 2, powered by death 1
a: Renounce Religion, Evoke Berserk Rage


You were on level 11 of the Dungeon.
You worshipped Vehumet.
Vehumet was greatly pleased with you.
You were not hungry.

You visited 2 branches of the dungeon, and saw 12 of its levels.

You collected 638 gold pieces.
You spent 323 gold pieces at shops.

Inventory:

Hand Weapons
 H - a +4 dagger of electrocution
 T - a +4 scimitar of flaming
Armour
 b - a +2 pair of gloves (worn)
 s - a +1 robe of cold resistance
 S - a +0 troll leather armour (worn)
Magical Staves
 I - an uncursed staff of conjuration (weapon)
Jewellery
 z - a ring of see invisible (left hand)
 E - a +4 ring of intelligence (right hand)
 J - an amulet of rage (around neck)
 M - an uncursed ring of ice
Wands
 i - a wand of random effects (49)
 D - a wand of paralysis (2)
 F - a wand of iceblast (7)
 K - a wand of polymorph (11)
 P - a wand of flame (19)
Scrolls
 e - 3 scrolls of amnesia {unknown}
 f - 4 scrolls of enchant armour {unknown}
 l - 7 scrolls of teleportation
 p - 3 scrolls of immolation {unknown}
 q - a scroll of vulnerability {unknown}
 t - 3 scrolls of random uselessness
 u - 5 scrolls of enchant weapon {unknown}
 v - 8 scrolls of remove curse {unknown}
 y - 3 scrolls of noise
 A - 2 scrolls of magic mapping {unknown}
 B - 3 scrolls of blinking
 C - 2 scrolls of fear {unknown}
 G - a scroll of torment {unknown}
 O - a scroll of acquirement {unknown}
 R - 3 scrolls of identify
Potions
 d - a potion of invisibility
 g - 2 potions of heal wounds
 h - 9 potions of curing
 j - a potion of agility
 k - a potion of degeneration
 m - 2 potions of might
 n - a potion of berserk rage
 o - 2 potions of mutation
 r - 2 potions of brilliance
 w - a potion of flight {unknown}
 x - 3 potions of cancellation
 L - 2 potions of haste
 N - 2 potions of magic
 Q - a potion of lignification
Comestibles
 a - 5 chunks of flesh
 c - 17 rations


   Skills:
 - Level 1.7 Dodging
 - Level 1.7 Stealth
 + Level 10.7 Spellcasting
 + Level 11.4 Conjurations
 + Level 10.9 Fire Magic


You had 17 spell levels left.
You knew the following spells:

 Your Spells              Type           Power        Failure   Level  Hunger
a - Flame Tongue          Conj/Fire      #####        1%          1    None
b - Conjure Flame         Conj/Fire      #######.     1%          3    None
c - Sticky Flame          Conj/Fire      #######.     1%          4    None
d - Fireball              Conj/Fire      #######...   1%          5    ####...
e - Searing Ray           Conj           ######       1%          2    None

Your spell library contained the following spells:

 Spells                   Type           Power        Failure   Level  Hunger
 Dazzling Spray           Conj/Hex       ######       1%          3    None
 Throw Flame              Conj/Fire      ######       1%          2    None
 Inner Flame              Hex/Fire       #####...     1%          3    None
 Animate Skeleton         Necr           N/A          7%          1    None
 Apportation              Tloc           ##....       7%          1    None
 Confusing Touch          Hex            ##....       7%          1    None
 Summon Small Mammal      Summ           ##..         7%          1    None
 Call Imp                 Summ           ##......     10%         2    None
 Call Canine Familiar     Summ           ##......     21%         3    None
 Summon Guardian Golem    Hex/Summ       ##......     21%         3    None
 Yara's Violent Unravell  Hex/Tmut       ##........   41%         5    ####...
 Cause Fear               Hex            ##........   54%         4    None
 Summon Ice Beast         Ice/Summ       ##......     54%         4    None
 Summon Lightning Spire   Summ/Air       ##......     54%         4    None
 Silence                  Hex/Air        ##........   88%         5    ####...
 Deflect Missiles         Chrm/Air       ##........   100%        6    #####..
 Discord                  Hex            ##........   100%        8    #######


Dungeon Overview and Level Annotations

Branches:
Dungeon (11/15)            Temple (1/1) D:7            Lair (0/6) D:11
    Orc (0/2) D:11

Altars:
Ashenzari
Cheibriados
Dithmenos
Elyvilon
Fedhas
Gozag
Hepliaklqana
Kikubaaqudgha
Makhleb
Nemelex Xobeh
Okawaru
Qazlal
Ru
Sif Muna
Trog
Uskayaw
Vehumet
Wu Jian
Xom
Yredelemnul
Zin
The Shining One
Beogh

Shops:
D:10 %?*!

Annotations:
D:9 2 transporters, 1 runed translucent door, zishaf's ghost, novice GnWz


Innate Abilities, Weirdness & Mutations

You have a pair of antennae on your head.
You are mostly covered in iridescent scales. (AC +4)
You are significantly more attuned to the shadows.
You regenerate a little health from kills.


Message History

The red ugly thing is severely wounded.
The red ugly thing trunk-slaps you.
You are engulfed in flames!
Unknown command.
Casting: Sticky Flame (safe; 1% risk of failure)
Confirm with . or Enter, or press ? or * to list all spells.
Aiming: Sticky Flame (safe; 1% risk of failure)
Press: ? - help, Shift-Dir - straight line, f/p - red ugly thing
Aim: a red ugly thing (heavily wounded)
You feel a surge of power!
The sticky flame hits the red ugly thing.
The red ugly thing resists.
The red ugly thing is severely wounded.
The red ugly thing trunk-slaps you.
You are engulfed in flames!
* * * LOW HITPOINT WARNING * * *
Unknown command.
The red ugly thing trunk-slaps you but does no damage.
The red ugly thing trunk-slaps you.
* * * LOW HITPOINT WARNING * * *
You are engulfed in flames!!
You die...

.>#..%# #......#....#......
..#...# ###############.##...##
#.#...# #......>......#.##...##
#.#^..# #.............#......##
#.'...# #...⌠.._..⌠...#......#.
..#...# #..........)..#......#.
..#...# #......8.))(.(#......#.
..#...######8'8#####8'8##..)[))'.
#.#............u@...÷.[))..[...#.
#.#.....................########.
..#..........############....(..#
..#..........# .....#.#####.#
..#..........# .....'.# #..
..#..........# .....#.###...#
..########...############.....###
.........#####..............###..
.....###.# #............###....


You could see a red ugly thing.

Vanquished Creatures
  Snorg (D:10)
  Fannar (D:10)
  Erica (D:10)
  A two-headed ogre (D:11)
  2 unseen horrors
  An orc knight (D:11)
  Pikel (D:6)
  A deep elf mage (D:11)
  An ugly thing (D:11)
  A cyclops (D:11)
  A manticore (D:9)
  2 gargoyles (D:11)
  A komodo dragon (D:11)
  4 trolls
  Grinder (D:5)
  Prince Ribbit (D:9)
  3 hippogriffs
  A spriggan (D:7)
  Sigmund (D:4)
  A vampire (D:11)
  4 yaks
  A hungry ghost (D:11)
  An acid dragon (D:11)
  Duvessa (D:7)
  6 orc warriors
  4 black bears
  3 slaves (D:6)
  4 ice beasts
  4 sky beasts
  3 phantoms
  3 ogres
  A necrophage (D:8)
  4 centaurs
  A wyvern zombie (D:11)
  A big kobold (D:10)
  13 bullfrogs
  A gnoll sergeant (D:11)
  Dowan (D:7)
  A scorpion (D:10)
  A killer bee (D:10)
  2 howler monkeys
  5 crimson imps
  2 centaur zombies
  3 bullfrog zombies
  6 hounds
  A quasit (D:11)
  12 orc wizards
  4 jellies
  10 orc priests
  3 bullfrog skeletons
  2 centaur skeletons
  Jessica (D:3)
  5 iguanas
  5 worker ants
  A hound skeleton (D:5)
  5 worker ant zombies
  A gnoll (D:6)
  12 adders
  A shadow imp (D:9)
  2 oozes
  2 adder skeletons
  7 dart slugs
  10 leopard geckos
  51 orcs
  A ball python (D:5)
  8 bats
  9 giant cockroaches
  9 goblins
  6 hobgoblins
  19 jackals
  10 kobolds
  6 quokkas
  6 frilled lizards
  A jackal zombie (D:7)
  7 rats
  A butterfly (D:2)
321 creatures vanquished.

Vanquished Creatures (others)
  A slave (D:6)
  A centaur (D:6)
  2 leopard geckos (D:6)
  4 plants (D:11)
8 creatures vanquished.

Grand Total: 329 creatures vanquished

Notes
Turn   | Place    | Note
-------+----------+-------------------------------------------
     0 | D:1      | Dfrag the Demonspawn Fire Elementalist began the quest for
                  | the Orb.
     0 | D:1      | Reached XP level 1. HP: 13/13 MP: 3/3
   158 | D:1      | Gained mutation: You have a pair of small antennae on your
                  | head. [demonic ancestry]
   158 | D:1      | Reached XP level 2. HP: 16/19 MP: 0/5
   561 | D:1      | Reached XP level 3. HP: 17/24 MP: 0/6
   821 | D:2      | Reached skill level 2 in Conjurations
   899 | D:2      | Found a shimmering altar of Xom.
  1179 | D:2      | Gained mutation: You regenerate a little health from kills.
                  | [demonic ancestry]
  1179 | D:2      | Reached XP level 4. HP: 30/30 MP: 5/8
  1973 | D:2      | Learned a level 3 spell: Conjure Flame
  1978 | D:2      | Learned a level 4 spell: Sticky Flame
  2126 | D:3      | Gained mutation: You are slightly more attuned to the
                  | shadows. [demonic ancestry]
  2126 | D:3      | Reached XP level 5. HP: 4/35 MP: 1/9
  2423 | D:3      | Reached skill level 3 in Conjurations
  2572 | D:3      | Noticed Jessica
  2578 | D:3      | Killed Jessica
  2951 | D:4      | Gained mutation: You are partially covered in iridescent
                  | scales. (AC +2) [demonic ancestry]
  2951 | D:4      | Reached XP level 6. HP: 24/41 MP: 5/11
  3013 | D:4      | Noticed Sigmund
  3074 | D:4      | Killed Sigmund
  3074 | D:4      | Reached skill level 4 in Conjurations
  3371 | D:5      | Entered Level 5 of the Dungeon
  3376 | D:5      | Gained mutation: You are significantly more attuned to the
                  | shadows. [demonic ancestry]
  3376 | D:5      | Reached XP level 7. HP: 45/46 MP: 2/13
  3774 | D:5      | Reached skill level 5 in Fire Magic
  3826 | D:5      | Noticed Grinder
  3867 | D:5      | Killed Grinder
  3867 | D:5      | Reached skill level 5 in Spellcasting
  3867 | D:5      | Reached skill level 5 in Conjurations
  3939 | D:5      | Gained mutation: You are mostly covered in iridescent
                  | scales. (AC +4) [demonic ancestry]
  3939 | D:5      | Reached XP level 8. HP: 44/52 MP: 7/15
  4242 | D:6      | Learned a level 5 spell: Fireball
  4556 | D:6      | Reached skill level 6 in Conjurations
  4852 | D:6      | Noticed Pikel
  4878 | D:6      | Killed Pikel
  4878 | D:6      | Reached XP level 9. HP: 52/57 MP: 3/18
  5156 | D:6      | Found a deep blue altar of Sif Muna.
  5159 | D:6      | Reached skill level 7 in Conjurations
  5964 | D:7      | Found a staircase to the Ecumenical Temple.
  5989 | Temple   | Entered the Ecumenical Temple
  6052 | Temple   | Became a worshipper of Vehumet
  6333 | D:7      | Noticed Duvessa
  6333 | D:7      | Noticed Dowan
  6347 | D:7      | Killed Duvessa
  6381 | D:7      | Killed Dowan
  6980 | D:8      | You fall through a shaft for 2 floors!
  6980 | D:10     | Entered Level 10 of the Dungeon
  7022 | D:10     | Reached * piety under Vehumet
  7022 | D:10     | Offered knowledge of Sandblast by Vehumet.
  7032 | D:10     | Found Ittampoo's Distillery.
  7037 | D:10     | Found Cosk's Magic Scroll Shoppe.
  7037 | D:10     | Found Nonna's Assorted Antiques.
  7037 | D:10     | Found Hemoi's Food Shoppe.
  7039 | D:10     | Bought a potion of degeneration for 12 gold pieces
  7043 | D:10     | Bought a square fluorescent amulet for 150 gold pieces
  7051 | D:10     | Bought a scroll of noise for 14 gold pieces
  7051 | D:10     | Bought a scroll of random uselessness for 14 gold pieces
  7051 | D:10     | Bought a scroll of blinking for 105 gold pieces
  7051 | D:10     | Bought a scroll of identify for 28 gold pieces
  7082 | D:10     | Reached skill level 8 in Conjurations
  7085 | D:10     | Noticed Fannar
  7092 | D:10     | Killed Fannar
  7092 | D:10     | Reached XP level 10. HP: 55/63 MP: 0/22
  7094 | D:10     | Noticed an unseen horror
  7255 | D:10     | Killed an unseen horror
  7660 | D:9      | Reached skill level 9 in Conjurations
  7809 | D:9      | Found a transporter.
  7815 | D:9      | Noticed zishaf's ghost (novice GnWz)
  7841 | D:9      | Found a hide-covered altar of Uskayaw.
  8195 | D:8      | Offered knowledge of Searing Ray by Vehumet.
  8203 | D:8      | Reached ** piety under Vehumet
  8210 | D:8      | Learned a level 2 spell: Searing Ray
  9027 | D:9      | Noticed a manticore
  9035 | D:9      | HP: 2/63 [manticore (18)]
  9036 | D:9      | Killed a manticore
  9196 | D:9      | Found a glowing silver altar of Zin.
  9196 | D:9      | Found a runed translucent door.
  9196 | D:9      | Noticed an angel
  9372 | D:9      | Noticed Prince Ribbit
  9378 | D:9      | Killed Prince Ribbit
  9385 | D:9      | Found a transporter.
  9747 | D:10     | Noticed Snorg
  9768 | D:10     | Killed Snorg
  9768 | D:10     | Reached skill level 10 in Conjurations
  9768 | D:10     | Gained mutation: You have a pair of antennae on your head.
                  | [demonic ancestry]
  9768 | D:10     | Reached XP level 11. HP: 7/68 MP: 0/24
 10106 | D:10     | Noticed Erica
 10134 | D:10     | Killed Erica
 11039 | D:11     | Offered knowledge of Throw Frost by Vehumet.
 11042 | D:11     | Found a staircase to the Lair.
 11119 | D:11     | Noticed a two-headed ogre
 11127 | D:11     | Killed a two-headed ogre
 11127 | D:11     | Reached skill level 10 in Fire Magic
 11334 | D:11     | Reached skill level 10 in Spellcasting
 11358 | D:11     | Reached *** piety under Vehumet
 11568 | D:11     | Found a blossoming altar of Fedhas.
 11599 | D:11     | Noticed a green ugly thing
 11599 | D:11     | Noticed a deep elf mage
 11825 | D:11     | Offered knowledge of Dazzling Spray by Vehumet.
 11827 | D:11     | Killed a deep elf mage
 11934 | D:11     | Reached skill level 11 in Conjurations
 12207 | D:11     | Killed a green ugly thing
 12716 | D:11     | Reached **** piety under Vehumet
 12823 | D:11     | Noticed an unseen horror
 12830 | D:11     | Killed an unseen horror
 12835 | D:11     | Noticed an orc knight
 12846 | D:11     | Killed an orc knight
 12846 | D:11     | Reached XP level 12. HP: 74/74 MP: 3/26
 13070 | D:11     | Found a roughly hewn altar of Beogh.
 13072 | D:11     | Found a staircase to the Orcish Mines.
 13218 | D:11     | Mangled by a red ugly thing

Levels and vault maps discovered:
D:1:      dpeg_arrival_more_subterranean_lakeside_camping, layout_loops_ring
D:2:      layout_basic, xom_butterflies
D:3:      layout_basic, dk_noncrumbling_3, small_statue_intersection,
          minmay_three_crescents, uniq_jessica
D:4:      layout_rooms, minmay_tree_intersection, minmay_ruptured, uniq_sigmund
D:5:      layout_rooms, first_ration, kennysheep_generic_room_5, uniq_grinder
D:6:      kennysheep_orc_sif_temple, layout_loops_ring,
          small_statue_intersection, solitary_fountain, minmay_joined_circles,
          uniq_pikel
D:7:      layout_loops_corners, minmay_temple_entry_glass, the_bakery,
          uniq_duvessa
D:8:      layout_layer_cave
D:9:      layout_long_grid, gammafunk_ghost_stat_death, basic_altar,
          minivault_11, lemuel_angel_altar, uniq_prince_ribbit1
D:10:     minmay_spotlight, layout_basic, minmay_shop_grid_forest, uniq_fannar,
          uniq_snorg, uniq_erica
D:11:     minmay_the_grid_triangle_9x9_recursive_3_mashed
          [minmay_the_grid_triangle_9x9_corrupted_corridor,
          minmay_the_grid_triangle_9x9_shrine,
          minmay_the_grid_triangle_9x9_intruding_spiral,
          minmay_the_grid_triangle_9x9_prize_insulated,
          minmay_the_grid_triangle_9x9_alien,
          minmay_the_grid_triangle_9x9_sprig,
          minmay_the_grid_triangle_9x9_semitri,
          minmay_the_grid_triangle_9x9_skeleton,
          minmay_the_grid_triangle_9x9_cache], layout_stronghold,
          david_lair_shrubbed, david_orc_5
Temple:   dpeg_three_leaves_temple

Skill      XL: |  1  2  3  4  5  6  7  8  9 10 11 |
---------------+----------------------------------+-----
Fire Magic     | 3 4 5 6 8 9 10 | 10.9
Conjurations   | 2 3 4 5 6 8 10 11 | 11.4
Spellcasting   | 3 4 5 6 8 9 10 | 10.7
Dodging        | |  1.7
Stealth        | |  1.7

Action                   |  1- 3 |  4- 6 |  7- 9 | 10-12 || total
-------------------------+-------+-------+-------+-------++-------
Melee: Unarmed           |    81 |     8 |       |       ||    89
       Falchion          |       |     5 |       |       ||     5
       Dagger            |       |     2 |   163 |    22 ||   187
       Staff             |       |       |    35 |    71 ||   106
 Cast: Flame Tongue      |    68 |    99 |   128 |   191 ||   486
       Sticky Flame      |       |     3 |    33 |    79 ||   115
       Fireball          |       |       |     1 |    45 ||    46
       Conjure Flame     |       |       |       |     4 ||     4
       Searing Ray       |       |       |       |     2 ||     2
Evoke: Wand              |       |     2 |     6 |    11 ||    19
  Use: Scroll            |       |       |    10 |     3 ||    13
 Stab: Sleeping          |       |       |     5 |     3 ||     8
       Distracted        |       |       |     1 |       ||     1
       Paralysed         |       |       |       |     1 ||     1
  Eat: Chunk             |     1 |     8 |    16 |    28 ||    53
       Ration            |       |       |       |     1 ||     1
Armor: Robe              |    39 |    25 |    93 |    45 ||   202
       Troll leather arm |       |       |       |    73 ||    73
Dodge: Dodged            |    68 |    59 |   169 |   160 ||   456
       Rpst.: Falchion   |       |     6 |       |       ||     6

Table legend:
 A = Non-vault XP
 B = Vault XP
 C = Vault XP percentage of total XP
 D = Non-vault monster count
 E = Vault monster count
 F = Vault count percentage of total count
                 A         B        C        D         E       F
            +---------+---------+-------+---------+---------+-------
      Total |    9509 |   13733 |  59.1 |     231 |      86 |  27.1
            +---------+---------+-------+---------+---------+-------
        D:1 |      49 |       0 |   0.0 |      24 |       0 |   0.0
        D:2 |     102 |       0 |   0.0 |      30 |       0 |   0.0
        D:3 |      65 |      88 |  57.5 |      22 |       7 |  24.1
        D:4 |     138 |     290 |  67.8 |       8 |       3 |  27.3
        D:5 |     653 |     301 |  31.6 |      17 |       3 |  15.0
        D:6 |     709 |    1125 |  61.3 |      22 |      11 |  33.3
        D:7 |     240 |     443 |  64.9 |      14 |       3 |  17.6
        D:8 |    1352 |       0 |   0.0 |      21 |       0 |   0.0
        D:9 |    1921 |     259 |  11.9 |      22 |       1 |   4.3
       D:10 |    2682 |    3246 |  54.8 |      34 |       6 |  15.0
       D:11 |    1598 |    7981 |  83.3 |      17 |      52 |  75.4
            +---------+---------+-------+---------+---------+-------
